 Dungeon Crawl Stone Soup version 0.31-a0-1068-g5939ac1 (webtiles) character file.

Game seed: 13070970734557152782

1673 TrickShot the Grappler (level 8, -6/106 HPs)
             Began as an Armataur Fighter on Nov 22, 2023.
             Was an Initiate of Gozag.
             Mangled by Duvessa
             ... wielding a +5 short sword of freezing
              (11 damage)
             ... on level 5 of the Dungeon.
             The game lasted 00:07:56 (3951 turns).

TrickShot the Grappler (Armataur Fighter)           Turns: 3951, Time: 00:07:57

Health: -6/106     AC: 24    Str: 23      XL:     8   Next: 70%
Magic:  8/8        EV:  1    Int:  8      God:    Gozag
Gold:   345        SH:  4    Dex:  7 (11) Spells: 7/7 levels left

rFire   . .          .
                       - Unarmed
rCold   . . .        b - +0 buckler
rNeg    . . .        l - melded +0 ring mail
rPois   +            n - melded +0 helmet
rElec   .            (cloak currently unavailable)
rCorr   .            d - melded +1 pair of gloves
SInv    +            (no barding)
Will    .....        (no amulet) Stlth
                     o - ring of see invisible
HPRegen 0.37/turn    c - ring of flight
MPRegen 0.11/turn

%: roll
@: brilliant, tree-form, silenced, attractive
A: stationary, stasis, torment immunity, boosted hp, large, (deformed body),
(tough skin 3), (armoured tail), roll 2, long tongue
a: Renounce Religion


You were on level 5 of the Dungeon.
You worshipped Gozag.
Gozag was aware of your devotion.
You were a tree.
You visited 2 branches of the dungeon, and saw 6 of its levels.

You collected 414 gold pieces.
You spent 26 gold pieces at shops.
You paid 43 gold pieces to Gozag.

Inventory:

Missiles
 e - 3 silver javelins
 p - 5 curare-tipped darts
Armour
 b - a +0 buckler (worn)
 d - a +1 pair of gloves (melded)
 l - a +0 ring mail (melded)
 n - a +0 helmet (melded)
Jewellery
 c - a ring of flight (right branch)
 o - a ring of see invisible (left branch)
Wands
 s - a wand of flame (4)
Scrolls
 i - a scroll of enchant armour
Potions
 k - a potion of lignification
 r - a potion of attraction


   Skills:
 + Level 6.5 Fighting
 - Level 3.6 Armour
 - Level 3.2 Shields
 * Level 8.5 Unarmed Combat


You had 7 spell levels left.
You didn't know any spells.
Your spell library contained the following spells:

 Spells                   Type           Power      Damage    Failure   Level
 Inner Flame              Hex/Fire       0%         N/A       83%         3
 Ozocubu's Armour         Ice            0%         N/A       83%         3
 Flame Wave               Conj/Fire      0%         2d4       99%         4
 Sticky Flame             Conj/Fire      0%         2d3       99%         4
 Ozocubu's Refrigeration  Ice            0%         4d7       100%        7


Dungeon Overview and Level Annotations

Branches:
Dungeon (5/15)             Temple (1/1) D:4

Altars:
Dithmenos
Fedhas
Gozag
Hepliaklqana
Makhleb
Nemelex Xobeh
Ru
Trog
Uskayaw
Vehumet
Wu Jian
Xom
Yredelemnul
Zin

Shops:
D:3 *[=?!   D:4 *:

Annotations:
D:5 Duvessa


Innate Abilities, Weirdness & Mutations

You are a tree.
Your roots penetrate the ground, keeping you stationary.
You cannot be teleported.
You are immune to unholy pain and torment.
Your maximum health is greatly increased.
Your equipment is partially melded.
((Armour fits poorly on your strangely shaped body.))
((You have extremely tough skin. (AC +3)))
((You have a long armoured tail.))
You roll and regenerate health when moving toward enemies. (Rampage Heal)
Your long tongue fully drains potion bottles. (2x potion effects)


Message History

Your +0 ring mail melds into your body.
Your roots penetrate the ground.
You slurp down every last drop of the potion of lignification!
Duvessa hits you with a +5 short sword of freezing!
Duvessa freezes you.
* * * LOW HITPOINT WARNING * * *
Duvessa hits you but does no damage.
You barely miss Duvessa. Duvessa completely misses you.
You smack Duvessa!
Duvessa is lightly wounded.
Duvessa hits you with a +5 short sword of freezing!
* * * LOW HITPOINT WARNING * * *
Duvessa freezes you.
* * * LOW HITPOINT WARNING * * *
It was a potion of attraction.
You feel attractive to monsters.
You slurp down every last drop of the potion of attraction!
Duvessa hits you but does no damage.
Duvessa hits you with a +5 short sword of freezing!
* * * LOW HITPOINT WARNING * * *
Duvessa freezes you.
* * * LOW HITPOINT WARNING * * *
It was a potion of curing.
You feel better.
You slurp down every last drop of the potion of curing!
Duvessa hits you with a +5 short sword of freezing.
* * * LOW HITPOINT WARNING * * *
Duvessa freezes you.
* * * LOW HITPOINT WARNING * * *
It was a potion of brilliance.
You feel clever all of a sudden.
You slurp down every last drop of the potion of brilliance!
You block Duvessa's attack.
Duvessa hits you with a +5 short sword of freezing!
* * * LOW HITPOINT WARNING * * *
Duvessa freezes you.
* * * LOW HITPOINT WARNING * * *
You pummel Duvessa!!
Duvessa is heavily wounded.
Duvessa hits you with a +5 short sword of freezing!
You die...
Your body crumbles into a pile of gold.

########.....# #.....#......#
###### #.....#......##.....##
#.....#...............
##.............)......⌠
.......................⌠
........................
................[.......
..............e♣.........
..........................
.........................#
..........>.......#.....##
...........######.##..###
..........#######....##
###.###.#...........############
........)..........##..........##
...##...).......................#


You could see Duvessa (berserk).

Vanquished Creatures
  A mana viper (D:5)
  A black bear (D:4)
  An ogre (D:4)
  A centaur (D:4)
  2 scorpions (D:5)
  A gnoll bouda (D:3)
  3 quasits (D:5)
  An orc priest (D:5)
  A jelly (D:5)
  An iguana (D:5)
  2 orc wizards
  Robin (D:2)
  4 gnolls
  4 adders
  2 shadow imps (D:5)
  2 white imps (D:5)
  5 ufetubi (D:5)
  3 worms (D:2)
  2 dart slugs (D:1)
  14 orcs
  11 ball pythons
  2 endoplasms (D:2)
  A giant cockroach (D:4)
  18 goblins
  7 hobgoblins
  4 bats
  4 frilled lizards
  11 kobolds
  6 rats
116 creatures vanquished.

Vanquished Creatures (collateral kills)
  A black mamba (D:5)
  Dowan (D:5)
  An orc wizard (D:5)
3 creatures vanquished.

Vanquished Creatures (others)
  A black mamba (D:5)
  A water moccasin (D:5)
2 creatures vanquished.

Grand Total: 121 creatures vanquished

Notes
Turn   | Place    | Note
-------+----------+-------------------------------------------
     0 | D:1      | TrickShot the Armataur Fighter began the quest for the Orb.
     0 | D:1      | Reached XP level 1. HP: 18/18 MP: 1/1
    23 | D:1      | Found a faded altar of an unknown god.
    36 | D:1      | Reached skill level 2 in Unarmed Combat
   144 | D:1      | Reached XP level 2. HP: 25/25 MP: 2/2
   729 | D:2      | Noticed Robin
   740 | D:1      | Reached XP level 3. HP: 31/31 MP: 3/3
   810 | D:2      | Reached skill level 3 in Unarmed Combat
  1314 | D:2      | Killed Robin
  1315 | D:2      | Reached XP level 4. HP: 22/38 MP: 4/4
  1735 | D:3      | Reached skill level 4 in Unarmed Combat
  1735 | D:3      | Reached XP level 5. HP: 31/46 MP: 5/5
  1844 | D:3      | Found Qicziunn's General Store.
  1855 | D:3      | Bought a scroll of identify for 26 gold pieces
  1874 | D:3      | Found Enurur's Armour Boutique.
  1885 | D:3      | Found Tej Net's Magic Scroll Shoppe.
  2062 | D:3      | Found Tenan's Jewellery Boutique.
  2173 | D:3      | Found Fuesowe's Distillery.
  2431 | D:4      | Noticed a black bear
  2440 | D:4      | Killed a black bear
  2536 | D:4      | Reached XP level 6. HP: 30/52 MP: 6/6
  2671 | D:4      | Found a staircase to the Ecumenical Temple.
  2678 | Temple   | Entered the Ecumenical Temple
  2688 | Temple   | Became a worshipper of Gozag Ym Sagoz the Greedy
  2710 | D:4      | Found Juusidown's Book Boutique.
  2780 | D:4      | Reached skill level 5 in Unarmed Combat
  2942 | D:4      | Found Laumoqed's Neck Hole.
  3048 | D:5      | Entered Level 5 of the Dungeon
  3049 | D:5      | Noticed a water moccasin
  3069 | D:5      | Gained mutation: You roll and regenerate health when moving
                  | toward enemies. (Rampage Heal) [Armataur growth]
  3069 | D:5      | Reached XP level 7. HP: 51/60 MP: 7/7
  3128 | D:5      | Reached skill level 6 in Unarmed Combat
  3161 | D:5      | Reached skill level 5 in Fighting
  3585 | D:5      | Noticed Duvessa
  3585 | D:5      | Noticed Dowan
  3597 | D:5      | Killed Dowan
  3602 | D:5      | Noticed a black mamba
  3611 | D:5      | Noticed a mana viper
  3617 | D:5      | Killed a mana viper
  3618 | D:5      | Reached skill level 7 in Unarmed Combat
  3618 | D:5      | Reached XP level 8. HP: 46/70 MP: 0/8
  3692 | D:5      | Noticed a black mamba
  3692 | D:5      | Noticed a naga mage
  3701 | D:5      | Killed a black mamba
  3702 | D:5      | Reached skill level 8 in Unarmed Combat
  3857 | D:5      | Noticed Eustachio
  3876 | D:5      | Eustachio changed into Eustachio the goblin
  3876 | D:5      | Noticed Eustachio
  3878 | D:5      | Killed Eustachio the goblin
  3948 | D:5      | HP: 5/106 [Duvessa/+5 short sword of freezing (3)]
  3951 | D:5      | Mangled by Duvessa

Illustrated notes

Levels and vault maps discovered:
D:1:      saegor_arrival_simple_e, layout_basic, basic_ecumenical_altar,
          minmay_tripent
D:2:      layout_loops_corners, hangedman_decor_push, minmay_crystal_water,
          uniq_robin
D:3:      layout_loops_ring, serial_shops, shop, nicolae_shop_window_shopping,
          nicolae_shop_crystal, nicolae_shop_advertising_works
          [nicolae_subvault_shop_adworks], shop
D:4:      layout_loops_cross, minmay_temple_entry_hall, serial_shops, shop,
          nicolae_shop_sticking_my_neck_out
D:5:      layout_rooms, grunt_ashenzari_visionary
          [grunt_ashenzari_visionary_shoals, grunt_ashenzari_visionary_snake],
          serial_demonic, serial_demonic_a, serial_demonic_e, serial_demonic_f,
          serial_demonic_c, serial_demonic_g, serial_demonic_d,
          nrook_loot_triangle, uniq_eustachio, uniq_duvessa
Temple:   nicolae_temple_two_arcs

Skill      XL: |  1  2  3  4  5  6  7  8 |
---------------+-------------------------+-----
Unarmed Combat | 2 3 4 5 7 8 |  8.5
Fighting       | 3 4 5 6 |  6.5
Armour         | |  3.6
Shields        | |  3.2

Action                     |  1- 3 |  4- 6 |  7- 9 || total
---------------------------+-------+-------+-------++-------
  Melee: Unarmed           |   133 |   132 |   131 ||   396
         Tailslap          |    10 |    17 |    17 ||    44
  Throw: Dart              |       |    10 |       ||    10
         Javelin           |       |     1 |       ||     1
  Evoke: Wand              |       |     6 |    17 ||    23
    Use: Potion            |       |     3 |     5 ||     8
         Scroll            |       |     4 |     6 ||    10
 Armour: Scale mail        |    74 |       |       ||    74
         Ring mail         |    19 |   105 |   166 ||   290
         Skin              |       |       |     8 ||     8
  Dodge: Dodged            |    29 |    45 |    76 ||   150
  Block: Buckler           |    21 |    21 |    47 ||    89

Table legend: (Time is in decaauts)
 A = Elapsed time spent in this place.
 B = Non-inter-level travel time spent in this place.
 C = Inter-level travel time spent in this place.
 D = Time resting spent in this place.
 E = Time spent auto-exploring this place.
 F = Levels seen in this place.
 G = Mean time per level.
                   A        B        C        D        E       F      G
               +--------+--------+--------+--------+--------+-----+--------+
         Total |   3929 |   3714 |    215 |    204 |   2651 |   6 |  654.8 |
       Dungeon |   3908 |   3711 |    197 |    204 |   2651 |   5 |  781.6 |
        Temple |     20 |      2 |     18 |      0 |      0 |   1 |   20.0 |
               +--------+--------+--------+--------+--------+-----+--------+

Top non-repeatable levels by time:
     D:2: 977 daAuts
     D:4: 910 daAuts
     D:1: 744 daAuts
     D:5: 672 daAuts
     D:3: 603 daAuts
  Temple: 20 daAuts
